 Dungeon Crawl Stone Soup version 0.31-a0-246-g8cbcc1cb85 (webtiles) character file.

Game seed: 16979439850264425840

660 qw the Shooter (level 7, 0/60 HPs)
             Began as a Minotaur Hexslinger on July 12, 2023.
             Blown up by a centaur (8 damage)
             ... with a mindburst bolt
             ... on level 5 of the Dungeon.
             The game lasted 00:01:28 (3832 turns).

qw the Shooter (Minotaur Hexslinger)                Turns: 3832, Time: 00:01:29

Health: 0/60       AC:  6    Str: 12    XL:     7   Next: 30%
Magic:  7/7        EV: 12    Int: 10    God:
Gold:   225        SH:  5    Dex: 15    Spells: 7/8 levels left

rFire   + . .        i - +0 shortbow
rCold   . . .        (shield currently unavailable)
rNeg    . . .        c - +0 leather armour {rF+}
rPois   .            (helmet restricted)
rElec   .            (no cloak)
rCorr   .            (no gloves)
SInv    .            g - +0 pair of boots
Will    .....        b - amulet of reflection
Stlth   ++           (no ring)
HPRegen 0.30/turn    (no ring)
MPRegen 0.10/turn

%: reflection
@: no status effects
A: horns 2, retaliatory headbutt, iridescent scales 1, camouflage 1
a: no special abilities


You were on level 5 of the Dungeon.
You visited 1 branch of the dungeon, and saw 5 of its levels.

You collected 225 gold pieces.


Innate Abilities, Weirdness & Mutations

You have a pair of horns on your head.
You reflexively headbutt those who attack you in melee.
You are partially covered in iridescent scales. (AC +2)
Your skin changes colour to match your surroundings (Stealth+).


   Skills:
 - Level 4.9 Fighting
 + Level 7.7 Ranged Weapons
 - Level 1.0 Armour
 - Level 2.1 Dodging
 - Level 1.0 Spellcasting
 - Level 2.0 Hexes


You had 7 spell levels left.
You knew the following spells:

 Your Spells              Type           Power      Damage    Failure   Level
a - Slow                  Hex            16%        N/A       19%         1

Your spell library contained the following spells:

 Spells                   Type           Power      Damage    Failure   Level
 Inner Flame              Hex/Fire       2%         N/A       65%         3
 Portal Projectile        Hex/Tloc       4%         N/A       65%         3
 Cause Fear               Hex            2%         N/A       88%         4

Inventory:

Hand Weapons
 i - a +0 shortbow (weapon)
Armour
 c - a +0 leather armour of fire resistance (worn)
 e - a +0 ring mail
 g - a +0 pair of boots (worn)
Jewellery
 b - an amulet of reflection (around neck)
Scrolls
 k - a scroll of fear {unknown}
Potions
 a - a potion of enlightenment {unknown}
 d - a potion of degeneration {unknown}
 f - 3 potions of mutation
 h - a potion of resistance
 j - a potion of curing {unknown}

Dungeon Overview and Level Annotations

Branches:
Dungeon (5/15)             Temple (0/1) D:5

Altars:
Fedhas
Makhleb
Qazlal

Annotations:
D:3 1 runed translucent door, Crazy Yiuf


Message History

You kill the orc!
You start resting.
HP restored.
Found a stone staircase leading down.
Enter note:
Enter note:
Enter note:
Enter note:
Found a stone staircase leading down.
Enter note:
Enter note:
Enter note:
Enter note:
Found a ring mail.
Found a stone staircase leading down.
Enter note:
Enter note:
Enter note:
Enter note: A centaur comes into view.
It is wielding a +0 spear and carrying a wand of mindburst.
Enter note:
Enter note:
Enter note:
Enter note:
Enter note:
Enter note: You shoot an arrow.
The arrow closely misses the centaur.
The centaur shouts!
The centaur zaps a wand.
Your mind is blasted!
You shoot an arrow. The arrow hits the centaur!
The centaur is heavily wounded.
The centaur zaps a wand.
Your mind is blasted!
The centaur unwields a +0 spear.
The centaur wields a +0 shortbow.
The centaur shoots an arrow.
The arrow hits you!
You shoot an arrow. The arrow barely misses the centaur.
The centaur shoots an arrow.
The arrow barely misses you.
You shoot an arrow. The arrow hits the centaur.
The centaur is heavily wounded.
The centaur shoots an arrow.
The arrow hits you.
The centaur zaps a wand.
Your mind is blasted!
You die...

##...#..........##.##.
..#..........>..###.....
............#....##.....
..............##........
.........#....##.##.#...
.c.......#.#.....##.##..
#..............##.##..
####........#....##.....
.......@##..#.....###...
.....#..##..............
.... #...##.#...........
### #.#.##.#....#.##...
#.
#####.#..#......#..#...
....# #...............
#..... #.7.#.#
#............. .####.##
#.7.#.#
#..........#.#..# ##.##
#.7.#.####...O.## #.##.#
#..##


You could see a centaur.

Vanquished Creatures
  Menkaure (D:4)
  2 ogres
  A centaur (D:5)
  A gnoll bouda (D:5)
  A hound (D:5)
  An orc wizard (D:5)
  4 gnolls (D:5)
  4 adders
  A white imp (D:5)
  An ufetubus (D:4)
  2 worms
  3 dart slugs
  16 orcs
  12 endoplasms
  4 giant cockroaches
  3 goblins
  8 hobgoblins
  3 jackals
  12 kobolds
  2 quokkas
  6 ball pythons
  2 bats
  3 frilled lizards
  7 rats
100 creatures vanquished.

Notes
Turn   | Place    | Note
-------+----------+-------------------------------------------
     0 | D:1      | qw the Minotaur Hexslinger began the quest for the Orb.
     0 | D:1      | Reached XP level 1. HP: 16/16 MP: 1/1
     0 | D:1      | 0 ||| qw: Version: 0.3-a-52-g30416fa
     0 | D:1      | 0 ||| qw: Game counter: 6397
     0 | D:1      | 0 ||| qw: Melee chars always use a shield: true
     0 | D:1      | 0 ||| qw: God list: Okawaru
     0 | D:1      | 0 ||| qw: Allow faded altars: false
     0 | D:1      | 0 ||| qw: Do Orc after clearing Dungeon:15 true
     0 | D:1      | 0 ||| qw: Do second Lair branch before Depths: true
     0 | D:1      | 0 ||| qw: Lair rune preference: random
     0 | D:1      | 0 ||| qw: Goals: Normal
     0 | D:1      | 0 ||| PLANNING D:1-11
    97 | D:1      | Reached skill level 3 in Ranged Weapons
   115 | D:1      | Reached XP level 2. HP: 23/23 MP: 2/2
   146 | D:1      | 146 ||| FLEEEEING.
   147 | D:1      | 147 ||| FLEEEEING.
   149 | D:1      | 149 ||| FLEEEEING.
   150 | D:1      | 150 ||| FLEEEEING.
   151 | D:1      | 151 ||| FLEEEEING.
   152 | D:1      | 152 ||| FLEEEEING.
   153 | D:1      | 153 ||| FLEEEEING.
   156 | D:1      | 156 ||| FLEEEEING.
   157 | D:1      | 157 ||| FLEEEEING.
   158 | D:1      | 158 ||| FLEEEEING.
   160 | D:1      | 160 ||| FLEEEEING.
   161 | D:1      | 161 ||| FLEEEEING.
   794 | D:1      | 794 ||| UPGRADING to +0 ring mail.
   804 | D:1      | 804 ||| DROPPING +0 robe.
   805 | D:1      | 805 ||| DROPPING ring of magical power.
   806 | D:1      | 806 ||| READING scroll labelled QANWEU XATOWN.
   807 | D:1      | 807 ||| DRINKING 2 green potions.
   808 | D:1      | 808 ||| DROPPING scroll of poison.
   912 | D:2      | Reached XP level 3. HP: 25/29 MP: 3/3
  1014 | D:2      | Reached skill level 4 in Ranged Weapons
  1224 | D:2      | Reached skill level 1 in Armour
  1605 | D:2      | HP: 2/29 [kobold/+1 dagger of electrocution (10)]
  1902 | D:2      | 1902 ||| UPGRADING to +0 leather armour of fire resistance.
  1912 | D:2      | 1912 ||| READING scroll labelled ROGIOR PUDILU.
  1913 | D:2      | 1913 ||| READING scroll labelled PUAMEFASCHI.
  1914 | D:2      | 1914 ||| READING scroll labelled ABRUCIMMUKYA.
  1947 | D:3      | Found a blossoming altar of Fedhas.
  1955 | D:3      | Reached XP level 4. HP: 36/36 MP: 4/4
  2047 | D:3      | Found a stormy altar of Qazlal.
  2147 | D:3      | Found a runed translucent door.
  2148 | D:3      | Noticed Crazy Yiuf
  2361 | D:3      | Found a faded altar of an unknown god.
  2551 | D:4      | Reached skill level 5 in Ranged Weapons
  2716 | D:4      | Reached XP level 5. HP: 42/42 MP: 5/5
  3003 | D:4      | 3003 ||| UPGRADING to +0 pair of boots.
  3008 | D:4      | 3008 ||| READING 2 scrolls labelled MOHIRO AROICWE.
  3009 | D:4      | 3009 ||| READING scroll of enchant weapon.
  3009 | D:4      | 3009 ||| ENCHANTING +2 sling of chaos.
  3010 | D:4      | 3010 ||| READING scroll labelled OTITEAPLEO.
  3011 | D:4      | 3011 ||| DRINKING 4 fuming coppery potions.
  3011 | D:4      | Gained mutation: Your skin changes colour to match your
                  | surroundings (Stealth+). [potion of mutation]
  3011 | D:4      | Gained mutation: You are partially covered in iridescent
                  | scales. (AC +2) [potion of mutation]
  3038 | D:5      | Entered Level 5 of the Dungeon
  3038 | D:5      | Noticed Menkaure
  3042 | D:5      | 3042 ||| STAIRDANCE
  3047 | D:4      | Killed Menkaure
  3147 | D:5      | Reached XP level 6. HP: 54/55 MP: 6/6
  3179 | D:5      | 3179 ||| Stepping ~*~*~tactically~*~*~ (outnumbered).
  3200 | D:5      | HP: 8/55 [gnoll/+1 heavy flail[a gnoll bouda] (20)]
  3323 | D:5      | 3323 ||| FLEEEEING.
  3324 | D:5      | 3324 ||| FLEEEEING.
  3396 | D:5      | Reached skill level 6 in Ranged Weapons
  3402 | D:5      | 3402 ||| FLEEEEING.
  3402 | D:5      | Found a burning altar of Makhleb.
  3413 | D:5      | 3413 ||| FLEEEEING.
  3419 | D:5      | 3419 ||| FLEEEEING.
  3420 | D:5      | 3420 ||| FLEEEEING.
  3421 | D:5      | 3421 ||| FLEEEEING.
  3422 | D:5      | 3422 ||| STAIRDANCE
  3518 | D:4      | 3518 ||| UPGRADING to amulet of reflection.
  3527 | D:5      | 3527 ||| STAIRDANCE
  3533 | D:4      | Reached skill level 7 in Ranged Weapons
  3533 | D:4      | Reached XP level 7. HP: 48/60 MP: 7/7
  3601 | D:5      | 3601 ||| SWAPPING to +0 shortbow.
  3602 | D:5      | 3602 ||| DROPPING +3 sling of chaos.
  3658 | D:5      | Found a staircase to the Ecumenical Temple.
  3659 | D:5      | 3659 ||| PLANNING TEMPLE
  3830 | D:5      | HP: 11/60 [centaur/arrow (12)]
  3832 | D:5      | Blown up by a centaur

Levels and vault maps discovered:
D:1:      saegor_arrival_simple_a, layout_loops_ring, serial_aquarium,
          aquarium_bridge_square [aquarium_subvault_window,
          aquarium_subvault_bridge, aquarium_subvault_wall,
          aquarium_subvault_bridge], aquarium_bridge_square
          [aquarium_subvault_wall, aquarium_subvault_balcony,
          aquarium_subvault_wall, aquarium_subvault_bridge],
          aquarium_window_fake, aquarium_window_fake,
          aquarium_window_corridor_1, aquarium_window_2, aquarium_view_2a,
          aquarium_balcony_1b, aquarium_pool_1, minmay_tetromino_i2
D:2:      layout_loops_corners
D:3:      layout_rooms, nicolae_overflow_crystal_walls,
          mainiacjoe_overflow_cross_hatched, shapermc_ecumenical_altar_pompeii,
          uniq_crazy_yiuf_cottage
D:4:      layout_cave_pools
D:5:      layout_rooms, lemuel_doored_altar, mainiacjoe_overflow_boulevard,
          trog_three_pillars_becter, marbit_many_paths, temple_pool_b,
          uniq_duvessa, uniq_menkaure

Skill      XL: |  1  2  3  4  5  6 |
---------------+-------------------+-----
Ranged Weapons | 3 4 5 7 |  7.7
Fighting       | 2 4 |  4.9
Armour         | 1 |  1.0
Dodging        | |  2.1
Spellcasting   | |  1.0
Hexes          | |  2.0

Action                     |  1- 3 |  4- 6 |  7- 9 || total
---------------------------+-------+-------+-------++-------
   Fire: Sling             |   154 |   143 |       ||   297
         Shortbow          |       |       |    20 ||    20
    Use: Scroll            |     4 |     3 |       ||     7
         Potion            |     1 |     1 |       ||     2
 Armour: Robe              |     3 |       |       ||     3
         Ring mail         |    12 |       |       ||    12
         Leather armour    |     1 |    13 |       ||    14
  Dodge: Dodged            |    45 |    47 |     6 ||    98
  Block: Other             |       |     1 |     1 ||     2

Table legend:
 A = Non-vault XP
 B = Vault XP
 C = Vault XP percentage of total XP
 D = Non-vault monster count
 E = Vault monster count
 F = Vault count percentage of total count
                 A         B        C        D         E       F
            +---------+---------+-------+---------+---------+-------
      Total |     646 |     298 |  31.6 |      96 |       4 |   4.0
            +---------+---------+-------+---------+---------+-------
        D:1 |      34 |       4 |  10.5 |      20 |       2 |   9.1
        D:2 |      53 |       0 |   0.0 |      23 |       0 |   0.0
        D:3 |      55 |       0 |   0.0 |      22 |       0 |   0.0
        D:4 |     180 |     169 |  48.4 |      13 |       1 |   7.1
        D:5 |     324 |     125 |  27.8 |      18 |       1 |   5.3
            +---------+---------+-------+---------+---------+-------
